 Dungeon Crawl Stone Soup version 0.31-a0-876-gfe8ebadbca (webtiles) character file.

Game seed: 12255874295325066194

54 croobank the Firebug (level 3, 0/23 HPs)
             Began as an Octopode Fire Elementalist on Oct 14, 2023.
             Slain by a goblin
             ... wielding a +0 dagger
             ... led by Robin
              (2 damage)
             ... on level 2 of the Dungeon.
             The game lasted 00:04:09 (1545 turns).

croobank the Firebug (Octopode Fire Elementalist)   Turns: 1545, Time: 00:04:10

Health: 0/23       AC:  1    Str:  7    XL:     3   Next: 91%
Magic:  6/6        EV: 13    Int: 19    God:
Gold:   185        SH:  0    Dex: 12    Spells: 0/6 levels left

rFire   . . .        j - +0 dagger (venom)
rCold   . . .        (no shield)
rNeg    . . .        (helmet restricted)
rPois   .            (no amulet)
rElec   .            (no ring)
rCorr   .            (no ring)
SInv    .            (no ring)
Will    .....        (no ring)
Stlth   +++          (no ring)
HPRegen 0.23/turn    (no ring)
MPRegen 0.10/turn    (no ring)
                     (no ring)

%: no passive effects
@: no status effects
A: almost no armour, amphibious, 8 rings, camouflage 1, gelatinous body 1,
(nimble swimmer 1), tentacles
a: no special abilities


You were on level 2 of the Dungeon.
You visited 1 branch of the dungeon, and saw 2 of its levels.

You collected 185 gold pieces.

Inventory:

Hand Weapons
 b - a +0 war axe
 j - a +0 dagger of venom (weapon)
Missiles
 e - 6 boomerangs
Talismans
 h - a beast talisman
Scrolls
 c - a scroll of butterflies {unknown}
 d - 3 scrolls of identify
 f - a scroll of enchant armour {unknown}
 k - 3 scrolls of revelation {unknown}
 l - a scroll of teleportation {unknown}
 o - a scroll of vulnerability {unknown}
Potions
 g - 3 potions of degeneration
 i - a potion of brilliance {unknown}
 m - 2 potions of attraction {unknown}
 n - a potion of enlightenment {unknown}
 p - a potion of curing {unknown}


   Skills:
 + Level 1.0 Fighting
 + Level 2.4 Dodging
 + Level 3.3 Stealth
 + Level 2.3 Spellcasting
 + Level 1.6 Conjurations
 + Level 3.3 Fire Magic


You couldn't memorise any spells.
You knew the following spells:

 Your Spells              Type           Power      Damage    Failure   Level
a - Foxfire               Conj/Fire      44%        2x1d6     6%          1
b - Scorch                Fire           30%        2d6       6%          2
c - Inner Flame           Hex/Fire       8%         N/A       24%         3

Your spell library contained the following spells:

 Spells                   Type           Power      Damage    Failure   Level
 Volatile Blastmotes      Fire/Tloc      16%        2d11      24%         3
 Flame Wave               Conj/Fire      11%        2d6       50%         4
 Olgreb's Toxic Radiance  Pois           2%         N/A       85%         4
 Discord                  Hex            1%         N/A       100%        8
 Ignition                 Fire           7%         3d5       100%        8


Dungeon Overview and Level Annotations

Branches:
Dungeon (2/15)

Altars:

Shops:
D:1 (

Annotations:
D:2 Robin


Innate Abilities, Weirdness & Mutations

You cannot wear most types of armour.
You are amphibious.
You can wear up to eight rings at the same time.
Your skin changes colour to match your surroundings (Stealth+).
Your rubbery body absorbs attacks. (AC +1, EV +1)
((You are camouflaged when in or above water. (Stealth+)))
You have tentacles for arms and can constrict up to eight enemies at once.


Message History

You hit the hobgoblin.
The hobgoblin looks even sicker.
Your grab misses the hobgoblin.
The hobgoblin is severely wounded.
You kill the hobgoblin!
The goblin attacks as it pursues you! The goblin hits you with a +0 dagger.
You hit the goblin.
You kill the goblin!
Casting: Scorch (safe; 6% risk of failure)
Confirm with . or Enter, or press ? or * to list all spells.
Flames lash the goblin.
You kill the goblin!
You hear a shout!
The goblin no longer looks unusually strong.
Casting: Scorch (safe; 6% risk of failure)
Confirm with . or Enter, or press ? or * to list all spells.
Flames lash the goblin.
You kill the goblin!
You barely miss the goblin. Your grab misses the goblin.
The goblin hits you with a +0 dagger. Robin throws the goblin at you!
The goblin barely misses you. Robin throws the goblin at you!
You barely miss the goblin. Your grab misses the goblin.
You squeeze the goblin.
You kill the goblin!
The goblin hits you with a +0 dagger.
The goblin hits you with a +2 dagger of flaming!
The goblin burns you.
Robin roars a battlecry!
The goblin goes into a battle-frenzy!
You hear an angry hiss.
Magic courses through your body. The goblin misses you.
The goblin hits you with a +2 dagger of flaming!
* * * LOW HITPOINT WARNING * * *
The goblin burns you.
* * * LOW HITPOINT WARNING * * *
As you read the scroll labelled RYPEKH MURA, it crumbles to dust.
It is a scroll of identify.
g - 3 potions of degeneration The goblin hits you with a +0 dagger.
You die...

#.. ####### ..# #.#
#...#.?#.?#...# #.#
#...#..#..#gg.#### #.#
#...(..#....g.#..# #.#
#......#..gg..##.# #.#
#...........g.##.#####.#
#.....g...gg.g#........#
######g########.#######
#.g)g@)....#
####g#####.# #.......#
#########


You could see Robin, a hobgoblin (strong) and 2 goblins.

Vanquished Creatures
  An adder (D:2)
  A worm (D:2)
  A dart slug (D:2)
  2 bats (D:2)
  A bat skeleton (D:2)
  A bat zombie (D:2)
  2 endoplasms
  2 giant cockroaches
  7 goblins
  3 hobgoblins (D:2)
  A kobold (D:1)
  3 quokkas (D:2)
  2 ball pythons (D:2)
  A ball python skeleton (D:2)
  2 frilled lizards (D:2)
  A giant cockroach zombie (D:2)
  6 rats
37 creatures vanquished.

Vanquished Creatures (others)
  23 foxfires
23 creatures vanquished.

Grand Total: 60 creatures vanquished

Notes
Turn   | Place    | Note
-------+----------+-------------------------------------------
     0 | D:1      | croobank the Octopode Fire Elementalist began the quest for
                  | the Orb.
     0 | D:1      | Reached XP level 1. HP: 11/11 MP: 3/3
   184 | D:1      | Found Cacw's Weapon Shop.
   456 | D:1      | Reached XP level 2. HP: 17/17 MP: 3/5
   459 | D:1      | Learned a level 2 spell: Scorch
  1121 | D:2      | Reached XP level 3. HP: 20/22 MP: 6/6
  1195 | D:2      | Learned a level 3 spell: Inner Flame
  1366 | D:2      | Reached skill level 1 in Fighting
  1526 | D:2      | Noticed Robin
  1545 | D:2      | Slain by a goblin

Illustrated notes

Levels and vault maps discovered:
D:1:      dpeg_arrival_snail, layout_rooms, serial_shops, shop
D:2:      layout_loops_corners, serial_undead, serial_undead_b, serial_undead_b,
          serial_undead_a, serial_undead_e, kennysheep_generic_room_16,
          uniq_robin

Skill      XL: |  1  2  3 |
---------------+----------+-----
Stealth        | 3 |  3.3
Fighting       | 1 |  1.0
Dodging        | |  2.4
Spellcasting   | |  2.3
Conjurations   | |  1.6
Fire Magic     | |  3.3

Action                     || total
---------------------------++-------
  Melee: Constrict         ||     7
         Dagger            ||    35
         Tentacles         ||     5
         Unarmed           ||     1
   Cast: Foxfire           ||    12
         Scorch            ||     9
    Use: Scroll            ||     1
         Potion            ||     1
   Stab: Sleeping          ||    12
 Armour: Skin              ||    15
  Dodge: Dodged            ||    12

Table legend: (Time is in decaauts)
 A = Elapsed time spent in this place.
 B = Non-inter-level travel time spent in this place.
 C = Inter-level travel time spent in this place.
 D = Time resting spent in this place.
 E = Time spent auto-exploring this place.
 F = Levels seen in this place.
 G = Mean time per level.
                   A        B        C        D        E       F      G
               +--------+--------+--------+--------+--------+-----+--------+
         Total |   1544 |   1536 |      8 |    213 |   1070 |   2 |  772.0 |
       Dungeon |   1544 |   1536 |      8 |    213 |   1070 |   2 |  772.0 |
               +--------+--------+--------+--------+--------+-----+--------+

Top non-repeatable levels by time:
     D:2: 884 daAuts
     D:1: 659 daAuts
